 Dungeon Crawl Stone Soup version 0.17.1-1-g73c8601 (webtiles) character file.

33 Peloso the Shield-Bearer (level 3, 0/33 HPs)
             Began as a Minotaur Fighter on Dec 11, 2015.
             Succumbed to an adder's poison
             ... on level 2 of the Dungeon.
             The game lasted 00:03:02 (756 turns).

Peloso the Shield-Bearer (Minotaur Fighter)          Turns: 756, Time: 00:03:02

Health: 0/33       AC:  7    Str: 20    XL:     3   Next: 12%
Magic:  2/2        EV:  7    Int:  5    God:
Gold:   95         SH:  9    Dex: 10    Spells: 0 memorised, 2 levels left

rFire  + . .     SeeInvis .     a - +0 long sword
rCold  . . .     Clarity  .     b - +0 scale mail
rNeg   . . .     SustAt   .     c - +0 shield
rPois  .         Gourm    .     (helmet restricted)
rElec  .         Spirit   .     (no cloak)
rCorr  .         Warding  .     (no gloves)
rMut   .         Stasis   .     (no boots)
MR     .....                    (no amulet)
Stlth  ..........               (no ring)
                                o - ring of protection from fire

@: lethally poisoned (0 -> -2), not resistant to hostile enchantments, extremely
unstealthy
A: retaliatory headbutt, horns 2
a: no special abilities


You were on level 2 of the Dungeon.
You were not hungry.

You visited 1 branch of the dungeon, and saw 2 of its levels.

You collected 95 gold pieces.

Inventory:

Hand Weapons
 a - a +0 long sword (weapon)
Armour
 b - a +0 scale mail (worn)
 c - a +0 shield (worn)
Jewellery
 m - a +3 ring of intelligence {unknown}
 o - a ring of protection from fire (left hand)
Wands
 l - a wand of fireball (9)
 w - a wand of random effects (20)
Scrolls
 f - 3 scrolls of magic mapping {unknown}
 g - a scroll of fog {unknown}
 h - a scroll of enchant weapon {unknown}
 j - 6 scrolls of identify {unknown}
 n - a scroll of blinking {unknown}
 p - a scroll of amnesia {unknown}
 r - a scroll of remove curse {unknown}
 s - a scroll of immolation {unknown}
 t - a scroll of noise {unknown}
 v - a scroll of recharging {unknown}
Potions
 d - a potion of might
 i - a potion of mutation {unknown}
Books
 u - Kikubaaqudgha's Catalogue of Necromancy
   (Kikubaaqudgha gifted it to you on level 2 of the Dungeon)

   Spells                             Type                      Level
   a - Animate Skeleton               Necromancy                   1
   b - Corpse Rot                     Necromancy                   2
   c - Sublimation of Blood           Necromancy                   2
   d - Regeneration                   Charms/Necromancy            3
   e - Control Undead                 Necromancy                   4
Comestibles
 e - a bread ration
 k - a slice of pizza
 q - a fruit


   Skills:
 + Level 3.8 Fighting
 + Level 2.6 Long Blades
 + Level 4.0 Armour
 + Level 0.4 Dodging
 + Level 4.4 Shields


You had 2 spell levels left.
You didn't know any spells.

Dungeon Overview and Level Annotations

Branches:
Dungeon (2/15)

Altars:
Kikubaaqudgha


Innate Abilities, Weirdness & Mutations

You reflexively headbutt those who attack you in melee.
You have a pair of horns on your head.


Message History

* * * LOW HITPOINT WARNING * * *
You feel sick.
There is a lethal amount of poison in your body!
There is a lethal amount of poison in your body!
There is a lethal amount of poison in your body!
* * * LOW HITPOINT WARNING * * *
You feel sick.
* * * LOW HITPOINT WARNING * * *
You feel sick.
* * * LOW HITPOINT WARNING * * *
You feel sick.
* * * LOW HITPOINT WARNING * * *
You feel sick.
Unknown command.
* * * LOW HITPOINT WARNING * * *
You feel sick.
Unknown command.
Unknown command.
Unknown command.
You die...

#..........#.#.....#.#
#.....######.#.....#.#
#.....'......#)....#.#
#.....######.......#.#
#.....##.(...###.###.#
########(###.# #.# #.#
#####........#####.#
#..
...[...........>##.#
###
##..@.....#####.####
#....†)..##.......##
#....(...##.......'.
#..........##.......##
#..........#######....
#....####### #.###
#.... #.... #####
#..## ####..#


There were no monsters in sight!

Vanquished Creatures
  2 adders (D:2)
  2 bats (D:1)
  A giant cockroach (D:1)
  A goblin (D:1)
  A hobgoblin (D:1)
  5 kobolds
  3 rats (D:1)
15 creatures vanquished.

Notes
Turn   | Place    | Note
--------------------------------------------------------------
     0 | D:1      | Peloso the Minotaur Fighter began the quest for the Orb.
     0 | D:1      | Reached XP level 1. HP: 19/19 MP: 0/0
   200 | D:1      | Reached skill level 4 in Shields
   263 | D:1      | Reached XP level 2. HP: 27/27 MP: 1/1
   607 | D:2      | Found a faded altar to an unknown god.
   621 | D:2      | Became a worshipper of Kikubaaqudgha
   621 | D:2      | Reached * piety under Kikubaaqudgha
   621 | D:2      | Received a gift from Kikubaaqudgha
   623 | D:2      | Identified Kikubaaqudgha's Catalogue of Necromancy (Kikubaaqudgha gifted it to you on level 2 of the Dungeon)
   624 | D:2      | Fell from the grace of Kikubaaqudgha
   737 | D:2      | Reached XP level 3. HP: 6/33 MP: 2/2
   752 | D:2      | HP: 1/33 [poisoned by an adder]
   756 | D:2      | Succumbed to an adder's poison

Action                   || total
-------------------------++-------
Melee: Long sword        ||    47
Invok: Renounce Religion ||     1
